 Dungeon Crawl Stone Soup version 0.26-a0-812-g31a745ddcd (webtiles) character file.

Game seed: 9978775320580942503

791 kae the Slasher (level 7, 0/61 HPs)
             Began as a Minotaur Fighter on Nov 25, 2020.
             Slain by a centaur zombie (3 damage)
             ... in an ossuary.
             The game lasted 00:02:14 (3473 turns).

kae the Slasher (Minotaur Fighter)                  Turns: 3473, Time: 00:02:14

Health: 0/61       AC:  7    Str: 22    XL:     7   Next: 57%
Magic:  6/6        EV:  9    Int:  5    God:
Gold:   145        SH: 10    Dex: 10    Spells: 6/6 levels left

rFire    . . .     SeeInvis .   j - +0 falchion
rCold    . . .     Faith    .   c - +0 kite shield
rNeg     . . .     Spirit   .   b - +0 scale mail
rPois    .         Reflect  .   (helmet restricted)
rElec    .         Harm     .   (no cloak)
rCorr    .         Rampage  .   (no gloves)
MR       .....                  (no boots)
Stlth    ..........             (no amulet)
HPRegen  0.20/turn              o - ring of attention
MPRegen  0.10/turn              (no ring)

@: slowed, very slow
A: retaliatory headbutt, horns 2
a: no special abilities


You were in an ossuary.
You visited 1 branch of the dungeon, and saw 4 of its levels.
You also visited: Ossuary.

You collected 145 gold pieces.

Inventory:

Hand Weapons
 a - a +0 long sword
 j - a +0 falchion (weapon)
Armour
 b - a +0 scale mail (worn)
 c - a +0 kite shield (worn)
Jewellery
 o - a ring of attention (left hand)
Scrolls
 f - 2 scrolls of teleportation
 h - 3 scrolls of remove curse
 n - a scroll of acquirement {unknown}
 s - a scroll of identify
Potions
 d - 3 potions of might
 e - 4 potions of ambrosia
 g - 2 potions of lignification {unknown}
 i - 2 potions of haste {unknown}
 k - 3 potions of brilliance
 l - a potion of magic
 m - a potion of berserk rage {unknown}
 p - 2 potions of curing {unknown}
 q - a potion of degeneration {unknown}
 r - 2 potions of invisibility
 t - 2 potions of mutation {unknown}
 u - a potion of cancellation {unknown}


   Skills:
 + Level 5.5 Fighting
 * Level 6.3 Long Blades
 + Level 5.4 Armour
 + Level 3.6 Dodging
 + Level 5.4 Shields


You had 6 spell levels left.
You didn't know any spells.
Your spell library was empty.

Dungeon Overview and Level Annotations

Branches:
Dungeon (4/15)            Ossuary (1/1)
 Temple: D:4-7

Altars:
Cheibriados
Fedhas
Hepliaklqana
Nemelex Xobeh
Sif Muna


Innate Abilities, Weirdness & Mutations

You reflexively headbutt those who attack you in melee.
You have a pair of horns on your head.


Message History

The centaur zombie hits you.
You hit the bog mummy but do no damage.
The bog mummy is almost destroyed.
The centaur zombie hits you.
The bog mummy splashes around in the water.
The bog mummy casts a spell at you. The puff of frost misses you.
You block the centaur zombie's attack.
Your unstable footing causes you to fumble your attack.
The centaur zombie hits you.
* * * LOW HITPOINT WARNING * * *
The bog mummy splashes around in the water.
You block the bog mummy's attack. The centaur zombie closely misses you.
You hit the bog mummy but do no damage.
The bog mummy is almost destroyed.
The centaur zombie hits you.
* * * LOW HITPOINT WARNING * * *
The bog mummy hits you!
* * * LOW HITPOINT WARNING * * *
The centaur zombie hits you.
You die...

#.'...............# ####
###.##'##'##'##≈≈###≈≈≈#
.'.#...#.#...#...≈≈≈#
###.#.∩.###...#≈≈##≈##
'.#..∩# #...#≈..≈≈≈#
#.#####≈#####.≈#≈≈## '.
.≈≈≈.≈.≈..≈#≈# #.
#'#####≈≈#≈≈## #≈@M≈#≈≈≈
#ZM##≈##≈# #≈.. #≈≈ #
#.≈≈# ### ≈...# .#.≈#≈
.≈.### ≈ #≈


You could see 2 bog mummies and a centaur zombie.

Vanquished Creatures
  Sigmund (D:3)
  A scorpion (D:4)
  3 centaur zombies (Ossuary)
  An orc priest (D:4)
  A hound (D:4)
  2 iguanas
  An orc wizard (D:3)
  A worker ant (D:3)
  A killer bee zombie (Ossuary)
  5 hound zombies (Ossuary)
  5 mummies
  3 adders
  2 gnolls
  An ooze (D:3)
  3 adder zombies (Ossuary)
  6 worms
  2 dart slugs
  A leopard gecko (D:2)
  13 orcs
  5 goblins
  10 hobgoblins
  4 jackals (D:2)
  9 kobolds
  A quokka (D:2)
  10 bats
  4 frilled lizards
  A kobold zombie (D:4)
  2 leopard gecko zombies (Ossuary)
  4 quokka zombies (Ossuary)
  7 rats
110 creatures vanquished.

Vanquished Creatures (others)
  6 withered plants (Ossuary)
6 creatures vanquished.

Grand Total: 116 creatures vanquished

Notes
Turn   | Place    | Note
-------+----------+-------------------------------------------
     0 | D:1      | kae the Minotaur Fighter began the quest for the Orb.
     0 | D:1      | Reached XP level 1. HP: 19/19 MP: 0/0
   137 | D:1      | Reached XP level 2. HP: 15/27 MP: 1/1
   377 | D:1      | Reached skill level 3 in Long Blades
   501 | D:1      | Reached skill level 1 in Dodging
   632 | D:1      | Reached XP level 3. HP: 33/33 MP: 2/2
  1064 | D:2      | Reached XP level 4. HP: 26/40 MP: 3/3
  1406 | D:2      | Found a blossoming altar of Fedhas.
  1406 | D:2      | Found a sparkling altar of Nemelex Xobeh.
  1407 | D:2      | Found a hazy altar of Hepliaklqana.
  1742 | D:2      | Found a shimmering blue altar of Sif Muna.
  1872 | D:3      | Reached skill level 4 in Long Blades
  2089 | D:3      | Reached XP level 5. HP: 30/47 MP: 4/4
  2359 | D:3      | Noticed Sigmund
  2369 | D:3      | Killed Sigmund
  2369 | D:3      | Reached XP level 6. HP: 53/55 MP: 5/5
  2520 | D:3      | Reached skill level 5 in Long Blades
  2975 | D:4      | Reached skill level 5 in Fighting
  3005 | D:4      | Reached skill level 5 in Armour
  3005 | D:4      | Reached skill level 5 in Shields
  3015 | D:4      | Found a snail-covered altar of Cheibriados.
  3048 | D:4      | Reached XP level 7. HP: 38/61 MP: 6/6
  3089 | D:4      | Found a sand-covered staircase.
  3130 | Ossuary  | Entered an ossuary
  3259 | Ossuary  | Reached skill level 6 in Long Blades
  3473 | Ossuary  | HP: 3/61 [bog mummy (11)]
  3473 | Ossuary  | Slain by a centaur zombie

Illustrated notes

Levels and vault maps discovered:
D:1:      minmay_arrival_loop, layout_basic, minmay_misc_feat_encased
D:2:      layout_rooms, chequers_temple_overflow_statue_of_worship,
          marbit_many_paths
D:3:      layout_basic, st_stairs_1, uniq_sigmund
D:4:      minmay_opposing_rooms, layout_rooms, lemuel_coloured_pillars_altar,
          kennysheep_slug_shrine, nicolae_ossuary_entry_giza
Ossuary:  ossuary_zaba_flooded

Skill      XL: |  1  2  3  4  5  6  7 |
---------------+----------------------+-----
Long Blades    | 3 4 5 6 |  6.3
Dodging        | 1 2 3 |  3.6
Shields        | 4 5 |  5.4
Fighting       | 4 5 |  5.5
Armour         | 4 5 |  5.4

Action                   |  1- 3 |  4- 6 |  7- 9 || total
-------------------------+-------+-------+-------++-------
Melee: Long sword        |    85 |   148 |       ||   233
       Headbutt          |    10 |    37 |    29 ||    76
       Falchion          |       |    23 |   126 ||   149
  Use: Scroll            |     4 |     5 |       ||     9
Armor: Scale mail        |    42 |    42 |    27 ||   111
Dodge: Dodged            |    39 |    57 |    41 ||   137
Block: Kite shield       |    64 |    74 |    46 ||   184
       Rpst.: Long sword |    10 |    18 |       ||    28
       Falchion          |       |     4 |    13 ||    17

Table legend: (Time is in decaauts)
 A = Elapsed time spent in this place.
 B = Non-inter-level travel time spent in this place.
 C = Inter-level travel time spent in this place.
 D = Time resting spent in this place.
 E = Time spent auto-exploring this place.
 F = Levels seen in this place.
 G = Mean time per level.
                   A        B        C        D        E       F      G
               +--------+--------+--------+--------+--------+-----+--------+
         Total |   3562 |   3509 |     53 |    270 |   2410 |   5 |  712.4 |
       Dungeon |   3200 |   3147 |     53 |    225 |   2276 |   4 |  800.0 |
       Ossuary |    362 |    362 |      0 |     45 |    134 |   1 |  362.0 |
               +--------+--------+--------+--------+--------+-----+--------+

Top non-repeatable levels by time:
     D:2: 1127 daAuts
     D:3: 983 daAuts
     D:1: 735 daAuts
 Ossuary: 362 daAuts
     D:4: 354 daAuts
